 Dungeon Crawl Stone Soup version 0.19-a0-1553-g64c24c3 (webtiles) character file.

17 Alarkh the Slasher (level 2, 0/22 HPs)
             Began as a Mummy Skald on Sept 14, 2016.
             Slain by an ooze (3 damage)
             ... on level 1 of the Dungeon.
             The game lasted 00:00:49 (588 turns).

Alarkh the Slasher (Mummy Skald)                     Turns: 588, Time: 00:00:50

Health: 0/22       AC:  3    Str: 15    XL:     2   Next: 44%
Magic:  3/5        EV: 11    Int: 11    God:
Gold:   83         SH:  0    Dex: 11    Spells: 1 memorised, 4 levels left

rFire  x . .     SeeInvis .     a - +0 falchion
rCold  + . .     Gourm    .     b - +0 leather armour
rNeg   + + +     Faith    .     (no shield)
rPois  ∞         Spirit   .     (no helmet)
rElec  .         Dismiss  .     (no cloak)
rCorr  .         Reflect  .     (no gloves)
MR     .....     Harm     .     (no boots)
Stlth  +.........               (no amulet)
                                (no ring)
                                (no ring)

@: infused
A: no food or potions, fire vulnerability, cold resistance 1, negative energy
resistance 3, torment resistance, unbreathing
a: no special abilities


You were on level 1 of the Dungeon.
You were not hungry.

You visited 1 branch of the dungeon, and saw 1 of its levels.

You collected 83 gold pieces.

Inventory:

Hand Weapons
 a - a +0 falchion (weapon)
Armour
 b - a +0 leather armour (worn)
Scrolls
 d - a scroll of amnesia {unknown}
 e - a scroll of identify {unknown}
 f - a scroll of magic mapping {unknown}
Books
 c - a book of Battle

   Spells                             Type                      Level
   a - Infusion                       Charms                       1
   b - Shroud of Golubria             Charms/Translocation         2
   c - Song of Slaying                Charms                       2
   d - Spectral Weapon                Hexes/Charms                 3
   e - Regeneration                   Charms/Necromancy            3


   Skills:
 - Level 2.0 Fighting
 + Level 2.5 Long Blades
 - Level 0.7 Armour
 - Level 0.7 Dodging
 - Level 2.0 Spellcasting
 - Level 2.4 Charms


You had 4 spell levels left.
You knew the following spells:

 Your Spells              Type           Power        Failure   Level  Hunger
a - Infusion              Chrm           #...         17%         1    N/A

Dungeon Overview and Level Annotations

Branches:
Dungeon (1/15)

Altars:


Innate Abilities, Weirdness & Mutations

You do not eat or drink.
Your flesh is vulnerable to fire.
You are immune to poison.
Your flesh is cold resistant. (rC+)
You are immune to negative energy. (rN+++)
You are immune to unholy pain and torment.
You can survive without breathing.


Message History

You hit the ooze but do no damage.
The ooze is lightly wounded.
The ooze hits you.
An ooze is nearby!
You are too injured to fight recklessly!
You are too injured to fight recklessly!
Casting: Infusion
Confirm with . or Enter, or press ? or * to list all spells.
You begin infusing your attacks with magical energy.
The ooze hits you.
* * * LOW HITPOINT WARNING * * *
Unknown command.
You barely miss the ooze.
The ooze is lightly wounded.
The ooze hits you.
* * * LOW HITPOINT WARNING * * *
You hit the ooze!
The ooze is severely wounded.
The ooze hits you.
You die...

###### #.# #†####### #### .....#
#.#####.......#######... .....#
#.#...................##
.....#####.#.##########.#########
...(.......#.# #.........#.......
.....#######.# #.######..#.######
.....# #.###.# #..#.#..... .....#
#.....######..#.#.###. .....#
#...J@.....#..#.#..... ##.###
##.#######.#..#.####.# #.#
#.#.......#..#.# #.# ##.#
#.#.#######..#.# #.#
...##########.#..#########.####.'
.................#..............#
.................>.###########..#
.############.##...#.....# ##.#
..# #.##...#.###.# #..


You could see an ooze.

Vanquished Creatures
  A dart slug (D:1)
  5 bats (D:1)
  A goblin (D:1)
  3 hobgoblins (D:1)
  A kobold (D:1)
  2 frilled lizards (D:1)
  A rat (D:1)
14 creatures vanquished.

Notes
Turn   | Place    | Note
-------+----------+-------------------------------------------
     0 | D:1      | Alarkh the Mummy Skald began the quest for the Orb.
     0 | D:1      | Reached XP level 1. HP: 16/16 MP: 3/3
   261 | D:1      | Reached XP level 2. HP: 22/22 MP: 5/5
   588 | D:1      | Slain by an ooze

Vault maps used:
D:1:      erik_arrival_blinker_ship, minmay_box_of_dots

Skill      XL: |  1 |
---------------+----+-----
Long Blades    | 2 |  2.5
Fighting       | |  2.0
Armour         | |  0.7
Dodging        | |  0.7
Spellcasting   | |  2.0
Charms         | |  2.4

Action                   || total
-------------------------++-------
Melee: Falchion          ||    49
 Cast: Infusion          ||     5
Armor: Leather armour    ||    10
Dodge: Dodged            ||    25
